 Dungeon Crawl Stone Soup version 0.29.1-2-gbd0b4ee654 (webtiles) character file.

Game seed: 16793640002174472733

9234 sifdire the Cleaver (level 11, -2/82 HPs)
             Began as a Minotaur Berserker on Nov 14, 2022.
             Was an Elder of Trog.
             Slain by a centaur warrior
             ... wielding the +3 spear of Prudence {vorpal, rElec rC+ rN+}
              (14 damage)
             ... on level 9 of the Dungeon.
             The game lasted 01:54:09 (13302 turns).

sifdire the Cleaver (Minotaur Berserker)           Turns: 13302, Time: 01:54:12

Health: -2/82      AC: 12    Str: 34    XL:     11   Next: 20%
Magic:  10/10      EV:  8    Int:  4    God:    Trog [****..]
Gold:   596        SH:  0    Dex: 10    Spells: 10/10 levels left

rFire   + . .      SeeInvis +   W - +11 flail of Honour {vorpal, rN+ SInv}
rCold   + . .      Faith    .   x - +0 tower shield
rNeg    + + .      Spirit   .   C - +2 scale mail "Zuret" {rElec rCorr}
rPois   .          Reflect  .   (helmet restricted)
rElec   +          Harm     .   F - scarf {rC+ rF+}
rCorr   +          Rampage  .   (no gloves)
Will    .....                   d - +0 pair of boots
Stlth   ..........              B - amulet of regeneration
HPRegen 1.03/turn               j - ring of ice
MPRegen 0.12/turn               w - ring of Qazlal's Approval {Contam rF+ rC- rN+ Str+8}

@: confused, ambrosia-drunk
A: horns 2, retaliatory headbutt
a: Renounce Religion, Berserk, Trog's Hand, Brothers in Arms


You were on level 9 of the Dungeon.
You worshipped Trog.
Trog was greatly pleased with you.
You visited 2 branches of the dungeon, and saw 11 of its levels.

You collected 596 gold pieces.

Inventory:

Hand Weapons
 h - the +9 dagger of Midwinter {vorpal, rF++ Dex+3}
   (You found it on level 4 of the Dungeon)

   It inflicts extra damage upon your enemies.
   Dex:       It affects your dexterity (+3).
   rF:        It greatly protects you from fire.
 r - a +5 flail of protection
 G - a +1 hand axe of flaming
 R - a +1 demon whip of venom
 S - a +2 vorpal shortbow
 T - a +2 trident of freezing
 U - the +9 falchion of Gravity {holy, Drain Will+ Dex+5}
   (You found it on level 9 of the Dungeon)

   It has been blessed by the Shining One to cause great damage to the undead
   and demons.
   Dex:       It affects your dexterity (+5).
   Drain:     It drains your maximum health when unequipped.
   Will:      It increases your willpower.
 W - the +11 flail of Honour (weapon) {vorpal, rN+ SInv}
   (You took it off a centaur warrior on level 9 of the Dungeon)

   It inflicts extra damage upon your enemies.
   rN:        It protects you from negative energy.
   SInv:      It lets you see invisible.
Missiles
 q - 20 boomerangs
 z - 15 poisoned darts (quivered)
 L - 4 curare-tipped darts
 P - 16 boomerangs of dispersal
 Q - a throwing net
Armour
 a - a +2 chain mail of willpower
 d - a +0 pair of boots (worn)
 v - a scarf of repulsion
 x - a +0 tower shield (worn)
 C - the +2 scale mail "Zuret" (worn) {rElec rCorr}
   (You found it on level 2 of the Dungeon)

   rElec:     It insulates you from electricity.
   rCorr:     It protects you from acid and corrosion.
 F - a scarf of resistance (worn)
 H - a +0 troll leather armour
Magical Staves
 M - a staff of fire
Jewellery
 j - a ring of ice (left hand)
 m - an amulet of magic regeneration
 w - the ring of Qazlal's Approval (right hand) {Contam rF+ rC- rN+ Str+8}
   (You found it on level 4 of the Dungeon)

   [ring of protection from fire]

   Str:       It affects your strength (+8).
   rF:        It protects you from fire.
   rC:        It makes you vulnerable to cold.
   rN:        It protects you from negative energy.
   Contam:    It causes magical contamination when unequipped.
 B - an amulet of regeneration (around neck)
 E - an amulet of the acrobat
Wands
 g - a wand of roots (17)
 O - a wand of flame (9)
Scrolls
 b - a scroll of acquirement {unknown}
 c - 4 scrolls of butterflies {unknown}
 e - 3 scrolls of poison {unknown}
 f - 3 scrolls of teleportation {unknown}
 i - 2 scrolls of blinking {unknown}
 l - 2 scrolls of immolation {unknown}
 n - a scroll of fear {unknown}
 p - 3 scrolls of amnesia {unknown}
 u - 6 scrolls of identify {unknown}
 y - 2 scrolls of enchant weapon {unknown}
 D - a scroll of summoning {unknown}
 K - a scroll of silence {unknown}
Potions
 s - 2 potions of haste {unknown}
 t - 9 potions of curing {unknown}
 A - 2 potions of invisibility {unknown}
 I - a potion of might
 J - a potion of brilliance {unknown}
 N - 3 potions of mutation {unknown}
 V - a potion of cancellation {unknown}
Miscellaneous
 X - a condenser vane


   Skills:
 - Level 3.6 Fighting
 - Level 2.0 Short Blades
 - Level 13.4(14.3) Axes
 * Level 8.2(11.8) Maces & Flails
 - Level 10.2 Armour
 - Level 2.1 Dodging
 - Level 9.9 Shields


You had 10 spell levels left.
You didn't know any spells.
Your spell library contained the following spells:

 Spells                   Type           Power      Damage    Failure   Level
 Foxfire                  Conj/Fire      0%         2x1d4     99%         1
 Sublimation of Blood     Necr           0%         N/A       100%        2
 Conjure Flame            Conj/Fire      0%         6-21      100%        3
 Ignite Poison            Fire/Tmut/Pois 0%         N/A       100%        3
 Petrify                  Tmut/Erth      0%         N/A       100%        4
 Sticky Flame             Conj/Fire      0%         2d3       100%        4
 Irradiate                Conj/Tmut      0%         3d11      100%        5


Dungeon Overview and Level Annotations

Branches:
Dungeon (10/15)            Temple (1/1) D:4
   Lair: D:8-11         Orc: D:9-12

Altars:
Ashenzari
Cheibriados
Dithmenos
Elyvilon
Fedhas
Gozag
Hepliaklqana
Kikubaaqudgha
Makhleb
Nemelex Xobeh
Okawaru
Qazlal
Ru
Sif Muna
Trog
Uskayaw
Vehumet
Wu Jian
Xom
Yredelemnul
Zin
The Shining One

Shops:
D:4 (   D:7 :[==   D:9 *


Innate Abilities, Weirdness & Mutations

You have a pair of horns on your head.
You reflexively headbutt those who attack you in melee.


Message History

* * * LOW HITPOINT WARNING * * *
x2 The centaur warrior kicks you but does no damage.
You block the centaur warrior's attack. x2
It was a potion of ambrosia.
You are confused.
You feel invigorated.
The centaur warrior hits you with the +3 spear of Prudence {vorpal, rElec rC+ rN+}.
* * * LOW HITPOINT WARNING * * *
x2 The centaur warrior kicks you but does no damage.
You're too confused to move!
The centaur warrior hits you but does no damage.
The centaur warrior kicks you but does no damage.
The centaur warrior hits you with the +3 spear of Prudence {vorpal, rElec rC+ rN+}.
* * * LOW HITPOINT WARNING * * *
x2 The centaur warrior kicks you but does no damage.
You're too confused to move!
The centaur warrior hits you but does no damage.
The centaur warrior kicks you.
* * * LOW HITPOINT WARNING * * *
You bump into the metal wall.
The centaur warrior hits you with the +3 spear of Prudence {vorpal, rElec rC+ rN+}!
* * * LOW HITPOINT WARNING * * *
x2 The centaur warrior kicks you but does no damage.
The centaur warrior hits you but does no damage.
The centaur warrior kicks you but does no damage.
The centaur warrior attacks as you move away!
The centaur warrior hits you but does no damage.
The centaur warrior kicks you but does no damage.
The centaur warrior unwields the +3 spear of Prudence {vorpal, rElec rC+ rN+}.
The centaur warrior wields a +0 shortbow.
The centaur warrior shoots an arrow.
The arrow hits you!!
* * * LOW HITPOINT WARNING * * *
Okay, then.
You bump into the metal wall.
You hit the centaur warrior. You headbutt the centaur warrior.
The centaur warrior is severely wounded.
The centaur warrior unwields a +0 shortbow.
The centaur warrior wields the +3 spear of Prudence {vorpal, rElec rC+ rN+}.
The centaur warrior hits you with the +3 spear of Prudence {vorpal, rElec rC+ rN+}!
You die...

#..#.#.'.....'.# #.#.#
#..#.#.###'###.# #.#.#
..(#.#.#.....#.# #.#.#
...#.#.#'###'#.# ###### #.#.#
#....#.....)...# .... #...#
#....#####.#########.#####...#
#....#.#.#.#...#.........#...#
#....#...#[#..##c#######.#...####
#....#.........#@.# #.......
#....###....####..#### #....###
#....#...#...........# #..).#
#....#...#..[..#...### #....#
#....##..#...###...# #....#
#....#...#.#...##..# #....#
#....#.#.#.#.#.##...# #....#
#....#####################....#
#.............................#


You could see a centaur warrior.

Vanquished Creatures
  A centaur warrior (D:9)
  Amaemon (D:9)
  A wizard (D:9)
  A deep elf pyromancer (D:9)
  An orange demon (D:9)
  An efreet (D:9)
  5 trolls
  A hornet (D:9)
  A wraith (D:9)
  2 shadows (D:9)
  A yak (D:9)
  2 wyverns (D:9)
  2 steam dragons (D:9)
  Edmund (D:5)
  4 water moccasins
  5 orc warriors
  A sky beast (D:7)
  2 ogres
  5 centaurs
  2 phantoms
  5 kobold brigands
  2 necrophages
  10 bullfrogs
  A scorpion (D:6)
  A wight (D:9)
  8 killer bees
  6 howler monkeys
  4 hounds
  2 jellies
  A gnoll bouda (D:7)
  An orc priest (D:8)
  Terence (D:3)
  Ijyb (D:3)
  An iguana (D:5)
  10 orc wizards
  5 gnolls (D:7)
  5 adders
  2 white imps
  2 ufetubi (D:5)
  2 dart slugs
  17 orcs
  9 bats
  11 endoplasms
  A giant cockroach (D:2)
  6 goblins
  8 hobgoblins
  2 jackals (D:5)
  20 kobolds
  3 quokkas
  3 ball pythons
  3 frilled lizards
  5 rats
198 creatures vanquished.

Vanquished Creatures (others)
  2 fungi (D:1)
  5 plants
7 creatures vanquished.

Grand Total: 205 creatures vanquished

Notes
Turn   | Place    | Note
-------+----------+-------------------------------------------
     0 | D:1      | sifdire the Minotaur Berserker began the quest for the Orb.
     0 | D:1      | Reached XP level 1. HP: 19/19 MP: 0/0
   111 | D:1      | Reached skill level 4 in Axes
   306 | D:1      | Reached XP level 2. HP: 26/26 MP: 1/1
   670 | D:1      | Found a faded altar of an unknown god.
   699 | D:1      | Reached skill level 5 in Axes
   704 | D:1      | Reached XP level 3. HP: 30/31 MP: 2/2
   771 | D:1      | Got Plato's Lessons on Striking
  1307 | D:2      | Reached ** piety under Trog
  1626 | D:2      | Identified the +2 scale mail "Zuret" {rElec rCorr}
  2221 | D:3      | Noticed Terence
  2243 | D:3      | Killed Terence
  2244 | D:3      | Reached skill level 6 in Axes
  2244 | D:3      | Reached XP level 4. HP: 19/39 MP: 3/3
  2981 | D:3      | Noticed Ijyb
  3763 | D:4      | Found a staircase to the Ecumenical Temple.
  3790 | D:4      | Identified the ring of Qazlal's Approval {Contam rF+ rC-
                  | rN+ Str+8}
  3830 | Temple   | Entered the Ecumenical Temple
  4159 | D:4      | Noticed a phantom
  4166 | D:4      | Killed a phantom
  4167 | D:4      | Reached skill level 7 in Axes
  4167 | D:4      | Reached XP level 5. HP: 45/45 MP: 4/4
  4288 | D:4      | Identified the +9 dagger of Midwinter {vorpal, rF++ Dex+3}
  4358 | D:4      | Found Emosup's Weapon Boutique.
  4378 | D:4      | Reached skill level 8 in Axes
  4785 | D:3      | Killed Ijyb
  4786 | D:3      | Reached skill level 1 in Short Blades
  4786 | D:3      | Reached XP level 6. HP: 25/51 MP: 5/5
  5245 | D:5      | Entered Level 5 of the Dungeon
  5309 | D:5      | Noticed Edmund
  5353 | D:5      | Killed Edmund
  5517 | D:5      | Reached XP level 7. HP: 57/57 MP: 6/6
  6026 | D:5      | You fall into a shaft and drop 2 floors!
  6286 | D:7      | Found Taempy's Jewellery Shoppe.
  6288 | D:7      | Found Sexkeruo's Antique Armour Shoppe.
  6292 | D:7      | Found Mant's Jewellery Shoppe.
  6294 | D:7      | Found Paxt's Book Shoppe.
  6357 | D:7      | Reached skill level 5 in Maces & Flails
  6502 | D:7      | Reached skill level 9 in Axes
  6599 | D:7      | Reached XP level 8. HP: 37/64 MP: 7/7
  6802 | D:7      | Reached skill level 10 in Axes
  6803 | D:7      | Reached *** piety under Trog
  6983 | D:6      | Reached skill level 11 in Axes
  7588 | D:6      | Reached skill level 12 in Axes
  8100 | D:6      | Found a basalt altar of Yredelemnul.
  8104 | D:6      | Noticed a profane servitor
  8113 | D:6      | Found a glowing golden altar of the Shining One.
  8117 | D:6      | Reached XP level 9. HP: 70/70 MP: 8/8
  8120 | D:6      | Noticed an angel
  8462 | D:7      | Reached skill level 13 in Axes
  9381 | D:8      | Reached skill level 1 in Shields
  9743 | D:8      | Found a shimmering blue altar of Sif Muna.
  9967 | D:9      | Reached skill level 5 in Armour
 10233 | D:9      | Identified the +5 quarterstaff "Muwum" {speed, rC+ rN++}
 10233 | D:9      | Noticed an orange demon
 10254 | D:9      | Killed an orange demon
 10255 | D:9      | Reached skill level 5 in Shields
 10384 | D:9      | Reached **** piety under Trog
 10588 | D:9      | Found a glowing silver altar of Zin.
 10652 | D:9      | Noticed a troll
 10660 | D:9      | Killed a troll
 10661 | D:9      | Reached XP level 10. HP: 70/77 MP: 9/9
 10943 | D:9      | Found Beusogg's General Store.
 10988 | D:9      | Noticed Amaemon
 10995 | D:9      | Killed Amaemon
 11473 | D:9      | Paralysed by a hornet for 1 turns
 12108 | D:9      | Identified the +9 falchion of Gravity {holy, Drain Will+
                  | Dex+5}
 12303 | D:9      | Noticed a deep elf pyromancer
 12327 | D:9      | Killed a deep elf pyromancer
 12461 | D:9      | Identified the +11 flail of Honour {vorpal, rN+ SInv}
 12461 | D:9      | Noticed a centaur warrior
 12475 | D:9      | Killed a centaur warrior
 12476 | D:9      | Reached skill level 10 in Armour
 12508 | D:10     | Entered Level 10 of the Dungeon
 12743 | D:9      | Reached XP level 11. HP: 54/82 MP: 10/10
 12923 | D:9      | Noticed a wizard
 12931 | D:9      | Killed a wizard
 13278 | D:9      | Identified the +3 spear of Prudence {vorpal, rElec rC+ rN+}
 13278 | D:9      | Noticed a centaur warrior
 13300 | D:9      | HP: 2/82 [centaur warrior/arrow (18)]
 13302 | D:9      | Slain by a centaur warrior

Illustrated notes

Levels and vault maps discovered:
D:1:      elethiomel_arrival_infinity_welcomes_careful_drivers, layout_basic,
          shapermc_ecumenical_altar_rom_forum, chequers_serial_rivers_micro_a,
          st_stairs_9, minmay_tetromino_i2
D:2:      layout_basic, kennysheep_boxes
D:3:      layout_loops_corners, nicolae_titane, uniq_ijyb, uniq_terence
D:4:      layout_loops_ring, minmay_temple_entry_statues_fountains,
          serial_shops, nicolae_shop_stone
D:5:      layout_basic, uniq_edmund
D:6:      layout_basic, grunt_temple_overflow_holy_war
D:7:      layout_basic, minmay_shop_grid_forest, minmay_splitting_lines,
          dreamdust_wishing_well
D:8:      layout_basic, nicolae_sif_muna_condensation, minmay_unpleasant_kobolds
D:9:      minmay_the_grid_4x2 [minmay_the_grid_spikes, minmay_the_grid_doors,
          minmay_the_grid_medium_cups, minmay_the_grid_zigzag_pyramid,
          minmay_the_grid_plusring, minmay_the_grid_minigrid_large,
          minmay_the_grid_minigrid_small_alt,
          minmay_the_grid_prize_shrinking_boxes], layout_long_grid,
          overflow_temple_1_default, serial_shops, kennysheep_little_box,
          uniq_amaemon
D:10:     layout_basic, erik_lair_dragon
Temple:   nicolae_temple_bog_church

Skill      XL: |  1  2  3  4  5  6  7  8  9 10 11 |
---------------+----------------------------------+-----
Axes           | 4 5 6 7 8 9 12 13 | 13.4
Short Blades   | 1 2 |  2.0
Maces & Flails | 2 6 8 |  8.2
Armour         | 6 10 | 10.2
Shields        | 6 9 |  9.9
Fighting       | |  3.6
Dodging        | |  2.1

Action                   |  1- 3 |  4- 6 |  7- 9 | 10-12 || total
-------------------------+-------+-------+-------+-------++-------
Melee: Hand axe          |   137 |    74 |   279 |   129 ||   619
       Headbutt          |    21 |    12 |    52 |    27 ||   112
       Dagger            |       |    19 |       |       ||    19
       Flail             |       |     3 |    52 |    30 ||    85
Throw: Dart              |       |       |     3 |     6 ||     9
       Boomerang         |       |       |     3 |       ||     3
Invok: Berserk           |       |     2 |     4 |     7 ||    13
       Trog's Hand       |       |     1 |     2 |     2 ||     5
  Use: Potion            |     1 |     1 |       |     4 ||     6
Armor: Animal skin       |    10 |       |       |       ||    10
       Scale mail        |    45 |    41 |   142 |    64 ||   292
Dodge: Dodged            |    54 |    30 |    68 |    34 ||   186
Block: Tower shield      |       |    40 |   155 |   138 ||   333
